Map: Eternal Empire LE

Players

Robbie (Rob)

  • Race: Protoss Protoss
  • League: Grandmaster
  • Spawn Location: 7:00

Vindicta - Winner!

  • Race: Terran Terran
  • League: Master
  • Spawn Location: 1:00

Event: The Miserable Cup

VOD

Have the link to the VOD?

Description

Time

  • Played on: June 18, 2020, 10:41 a.m.
  • Length: 15:52

All games in this series

Show
View Real Time Build Order
Export as new Build Order

Robbie Protoss 

Build Orders: 1 Gate Expand, Zealot Archon, Dark Templar Rush 

Get SALT Encoding   

  12  0:00  Probe  
  13  0:12  Probe  
  14  0:17  Pylon  
  14  0:22  Probe  
  15  0:31  Probe  
  16  0:36  Gateway  
  16  0:39  Probe  
  16  0:46  Assimilator  
  17  0:51  Probe  
  18  1:03  Probe  
  19  1:15  Probe  
  20  1:24  Nexus  
  20  1:32  Probe  
  20  1:33  Cybernetics Core  
  21  1:40  Probe  
  21  1:41  Assimilator  
  22  1:52  Pylon  
  22  1:53  Probe  
  23  2:00  Adept  
  23  2:09  Warp Gate  
  23  2:10  Probe  
  26  2:19  Pylon  
  26  2:22  Probe  
  27  2:30  Stalker  
  27  2:34  Probe  
  31  2:37  Probe  
  31  2:46  Probe  
  31  2:49  Probe  
  33  2:55  Twilight Council  
  33  2:58  Probe  
  33  3:01  Probe  
  35  3:09  Robotics Facility  
  35  3:10  Probe  
  36  3:13  Probe  
  37  3:23  Probe  
  38  3:33  Probe, Dark Shrine  
  39  3:35  Probe  
  40  3:42  Gateway  
  40  3:44  Gateway  
  40  3:48  Probe x2  
  41  3:49  Warp Prism, Gateway  
  41  3:58  Probe x2  
  45  4:06  Probe  
  45  4:08  Probe  
  45  4:16  Probe, Assimilator  
  47  4:18  Probe  
  47  4:20  Pylon  
  49  4:28  Probe  
  49  4:30  Probe  
  51  4:35  Nexus  
  51  4:36  Charge  
  51  4:41  Probe  
  51  4:42  Probe  
  53  4:47  Dark Templar x3  
  53  4:50  Dark Templar  
  61  5:00  Probe  
  61  5:01  Pylon  
  61  5:02  Pylon  
  61  5:06  Pylon  
  62  5:12  Immortal, Shadow Stride  
  60  5:21  Probe x2  
  66  5:34  Probe x2  
  68  5:36  Gateway  
  68  5:37  Gateway  
  68  5:39  Gateway  
  68  5:41  Gateway  
  68  5:47  Probe x2  
  70  5:52  Gateway  
  70  5:54  Probe  
  71  5:59  Probe x2  
  73  6:06  Probe  
  73  6:10  Immortal  
  73  6:11  Probe  
  79  6:15  Dark Templar  
  79  6:16  Zealot, Dark Templar  
  83  6:19  Pylon  
  83  6:21  Zealot  
  83  6:24  Pylon  
  85  6:32  Zealot x2  
  87  6:37  Pylon  
  87  6:39  Assimilator  
  89  6:40  Assimilator x2  
  89  6:41  Dark Templar x2  
  93  6:57  Shield Battery  
  93  7:01  Zealot x2, Dark Templar  
  89  7:02  Zealot x4  
  99  7:15  Zealot x2  
  103  7:21  Archon x2  
  99  7:27  Zealot x5  
  99  7:29  Observer  
  82  7:49  Forge, Dark Templar x4  
  82  7:51  Forge  
  90  7:52  Zealot x5  
  100  8:06  Twilight Council  
  100  8:08  Dark Shrine  
  100  8:14  Pylon, Zealot  
  100  8:15  Zealot x3  
  100  8:19  Pylon  
  107  8:20  Robotics Facility  
  107  8:39  Probe x3  
  108  8:50  Zealot  
  108  8:52  Stalker x3  
  108  8:55  Stalker, Zealot  
  110  9:05  Zealot x3  
  117  9:17  Probe x3  
  117  9:20  Zealot x6  
  129  9:26  Protoss Ground Armor Level 1, Protoss Ground Weapons Level 1  
  126  9:34  Dark Templar x2  
  126  9:35  Dark Templar  
  126  9:50  Stalker  
  128  9:54  Probe x3  
  125  10:09  Probe x3  
  122  10:17  Robotics Bay  
  122  10:20  Blink, Robotics Facility  
  122  10:21  Immortal  
  122  10:31  Zealot  
  122  10:32  Probe, Zealot  
  122  10:33  Probe  
  126  10:47  Dark Templar x6  
  132  10:51  Probe  
  133  10:57  Pylon  
  133  10:58  Pylon  
  133  10:59  Pylon  
  133  11:05  Disruptor x2  
  133  11:11  Pylon  
  133  11:15  Probe  
  140  11:24  Stalker  
  140  11:25  Stalker x2  
  143  11:31  Colossus  
  143  11:33  Colossus  
  141  11:40  Extended Thermal Lance  
  141  11:42  Stalker  
  155  11:52  Probe x3  
  154  12:14  Colossus  
  148  12:17  Colossus  
  142  12:23  Stalker x3  
  156  12:48  Dark Templar x4  
  164  12:55  Archon x2  
  164  12:56  Pylon x2  
  164  12:58  Pylon  
  164  13:02  Pylon  
  164  13:06  Protoss Ground Armor Level 2, Disruptor x2  
  164  13:09  Protoss Ground Weapons Level 2  
  170  13:36  Shield Battery  
  170  13:38  Photon Cannon  
  170  13:45  Stalker x3  
  176  13:53  Disruptor  
  176  13:55  Disruptor  
  182  14:02  Dark Templar  
  137  14:25  Disruptor  
  137  14:26  Disruptor  
  96  14:44  Stalker x4  
  96  14:45  Stalker x2  
  84  14:58  Nexus  
  84  15:06  Dark Templar  
  86  15:08  Dark Templar  
  86  15:13  Pylon  
  88  15:23  Archon  
  88  15:34  Zealot x3  
  88  15:35  Zealot x3  
Show
View Real Time Build Order
Export as new Build Order

Vindicta Terran - Winner!

Build Orders: Reaper Expand 

Get SALT Encoding   

  12  0:00  SCV  
  13  0:13  SCV  
  14  0:17  Supply Depot  
  14  0:25  SCV  
  15  0:38  SCV  
  15  0:41  Barracks  
  16  0:44  Refinery  
  16  0:50  SCV  
  17  1:02  SCV  
  18  1:14  SCV  
  19  1:28  Reaper, Orbital Command  
  20  1:41  Command Center  
  20  1:49  Supply Depot  
  20  1:54  SCV  
  21  2:00  Marine  
  22  2:06  SCV  
  23  2:10  Factory  
  23  2:17  Bunker  
  23  2:18  SCV  
  23  2:22  Barracks Reactor  
  24  2:31  SCV, Refinery  
  25  2:43  SCV  
  26  2:54  Orbital Command  
  26  2:56  SCV, Hellion  
  26  2:58  Marine x2  
  31  3:06  Starport  
  31  3:10  SCV  
  32  3:15  Supply Depot  
  32  3:17  Factory Tech Lab  
  32  3:19  Marine  
  33  3:24  Marine  
  33  3:25  SCV  
  35  3:37  SCV, Marine  
  35  3:40  Barracks  
  35  3:42  Marine  
  35  3:45  SCV  
  37  3:49  SCV, Raven  
  37  3:51  Factory Tech Lab  
  40  3:56  Barracks  
  40  3:57  SCV  
  40  4:01  SCV  
  42  4:06  Supply Depot  
  42  4:08  Marine x2  
  42  4:09  SCV  
  43  4:13  SCV  
  44  4:18  Engineering Bay  
  44  4:20  Factory Reactor  
  44  4:21  SCV  
  45  4:25  SCV  
  45  4:27  Marine x2  
  45  4:29  Refinery  
  48  4:33  SCV  
  48  4:34  Stimpack  
  48  4:36  Marauder  
  48  4:37  SCV  
  53  4:47  Supply Depot  
  53  4:48  Marine x2  
  53  4:50  Combat Shield  
  54  4:53  SCV, Marauder  
  54  4:55  SCV  
  54  4:57  Marauder  
  54  4:59  Starport Reactor  
  60  5:01  Refinery  
  60  5:06  SCV  
  61  5:08  Missile Turret  
  61  5:10  Marine x2  
  61  5:11  Widow Mine  
  66  5:14  Widow Mine  
  66  5:21  Marauder, Marine  
  58  5:25  SCV, Missile Turret  
  58  5:27  Terran Infantry Weapons Level 1  
  62  5:33  Marine  
  63  5:36  Marine  
  63  5:38  Medivac, Supply Depot  
  63  5:41  Medivac  
  67  5:45  Marauder  
  67  5:46  SCV  
  70  5:53  Supply Depot  
  70  6:00  Widow Mine  
  70  6:01  SCV, Supply Depot  
  70  6:03  Marine  
  74  6:04  Marine x2  
  74  6:06  SCV  
  76  6:13  SCV  
  76  6:16  Supply Depot, Marine  
  78  6:18  SCV, Concussive Shells  
  78  6:22  Marine  
  78  6:23  Widow Mine x2  
  78  6:25  SCV  
  84  6:34  Marauder  
  84  6:39  Marine  
  86  6:43  Command Center  
  86  6:44  Supply Depot, Marauder  
  88  6:53  Medivac, Marine  
  91  6:55  Widow Mine, Marine  
  94  7:06  SCV x2, Marauder  
  97  7:09  Supply Depot, Marine  
  97  7:11  Supply Depot  
  97  7:14  Widow Mine  
  100  7:16  Widow Mine  
  100  7:19  SCV x2  
  101  7:23  Marauder  
  96  7:31  Medivac x2  
  96  7:35  Marine  
  96  7:36  Widow Mine  
  94  7:39  Terran Infantry Armor Level 1  
  94  7:40  Marauder  
  94  7:42  Marine  
  89  7:51  SCV  
  90  7:54  Barracks  
  90  7:55  Orbital Command  
  90  7:56  Marine, Barracks  
  91  7:59  Widow Mine  
  91  8:05  SCV x2  
  95  8:07  Marine  
  95  8:08  Marauder, Marine  
  99  8:14  Marine  
  99  8:15  Orbital Command  
  99  8:18  SCV  
  101  8:22  SCV  
  101  8:25  Marine  
  101  8:27  Marauder  
  105  8:28  Marine  
  105  8:31  SCV  
  105  8:32  Marine  
  105  8:34  SCV  
  105  8:39  Widow Mine x2  
  106  8:41  SCV  
  106  8:43  SCV, Missile Turret, Marine  
  106  8:44  Marine  
  106  8:46  SCV  
  111  8:55  SCV  
  111  8:58  SCV  
  111  8:59  SCV  
  113  9:03  Marauder, Missile Turret, Marine  
  113  9:06  Marauder, Marine x2  
  113  9:07  SCV  
  121  9:11  SCV x2, Marine  
  124  9:17  Supply Depot  
  124  9:20  Missile Turret, Marine  
  124  9:23  SCV x2  
  127  9:24  Marine  
  127  9:25  Marauder  
  127  9:26  SCV  
  127  9:29  Widow Mine  
  133  9:33  Widow Mine, Marine  
  133  9:35  SCV  
  133  9:38  Supply Depot, Marine  
  133  9:41  Refinery  
  133  9:42  Refinery  
  130  9:46  Marine  
  130  9:47  Ghost Academy, Marine  
  130  9:49  Marine  
  130  9:50  Widow Mine  
  130  9:51  Liberator  
  136  9:53  Marine  
  136  9:54  SCV x2  
  136  9:57  SCV  
  140  10:06  SCV  
  141  10:12  SCV, Marine x2  
  143  10:15  Barracks Reactor, Barracks Tech Lab  
  143  10:18  Ghost x2  
  142  10:21  SCV x2  
  142  10:24  SCV  
  145  10:37  Liberator  
  145  10:38  Liberator  
  149  10:46  Ghost  
  149  10:47  Ghost x2  
  149  10:49  SCV  
  157  10:52  Supply Depot  
  156  10:58  Supply Depot  
  156  10:59  Widow Mine  
  156  11:00  Armory, Engineering Bay  
  156  11:01  Enhanced Shockwaves  
  158  11:05  Marine  
  158  11:06  Marine  
  158  11:08  Marine  
  158  11:09  Marine  
  162  11:15  Ghost x2  
  162  11:16  Marine  
  167  11:20  Medivac  
  167  11:21  Medivac, Supply Depot  
  171  11:38  Ghost  
  173  11:43  Ghost, Sensor Tower  
  173  11:44  Ghost  
  175  11:47  Terran Infantry Armor Level 2, Terran Infantry Weapons Level 2  
  175  11:48  Sensor Tower  
  175  12:00  Terran Ship Weapons Level 1  
  172  12:05  Missile Turret  
  172  12:06  Viking x2, Ghost  
  172  12:07  Missile Turret  
  178  12:12  Ghost  
  180  12:18  Marauder, Marine x2  
  180  12:19  Marine  
  180  12:22  Marine  
  181  12:36  Marine x2  
  182  12:40  Viking, Marauder  
  182  12:41  Marauder  
  185  12:44  Viking, Marine x2  
  189  12:54  Marine  
  189  12:55  Supply Depot  
  189  12:57  Command Center  
  188  12:59  Starport  
  188  13:10  Viking, Marauder x2  
  194  13:14  Viking  
  195  13:34  Starport Reactor  
  195  13:37  Fusion Core  
  195  13:40  Viking  
  195  13:41  Ghost, Refinery  
  197  13:44  Missile Turret, Marine  
  197  13:45  Refinery  
  200  13:55  Missile Turret x2  
  200  13:56  Missile Turret  
  195  14:21  Viking  
  195  14:24  Marauder x2, Marine x2  
  174  14:25  Marine  
  174  14:26  Marauder  
  174  14:29  Marine  
  142  14:41  Marine x2  
  142  14:43  SCV, Marine  
  142  14:45  SCV x2, Marauder  
  150  14:46  Marauder  
  152  14:55  SCV  
  153  15:00  Liberator  
  153  15:01  Liberator  
  158  15:07  SCV  
  158  15:12  Planetary Fortress  
  158  15:16  Marine  
  158  15:17  Marauder  
Tags
 
Add a new tag
Caveats
  • Supply blocks, unpowered buildings, or Contaminate may cause inaccurate times.
  • Supply counts are checked every 10 seconds.